[Event "33rd ECCC Open 2017"]
[Site "Antalya"]
[Date "2017.10.11"]
[Round "4"]
[White "Sylvan, Jacob"]
[Black "Ererdem, Gani Eren"]
[Result "1/2-1/2"]
[ECO "C95"]
[WhiteElo "2363"]
[BlackElo "2136"]
[Annotator "NA"]
[PlyCount "61"]
[EventType "team-tourn"]
[EventCountry "TUR"]
[SourceTitle "playchess.com"]
[Source "ChessBase"]
[SourceQuality "1"]
[WhiteTeam "Nordkalotten"]
[BlackTeam "Karaman"]
[TimeControl "40/5400+30:1800+30"]

1. e4 e5 2. Nf3 Nc6 3. Bb5 a6 4. Ba4 Nf6 5. O-O Be7 6. Re1 b5 7. Bb3 O-O 8. h3 d6 9. c3 Nb8 10. d4 Nbd7 11. Nbd2 Bb7 12. Bc2 Re8 13. Nf1 Bf8 14. Ng3 g6 15. a4 Nb6 {[%emt 0:00:00] C95: Closed Ruy Lopez: Breyer Variation with 10 d4} 16. a5 Nbd7 17. b4 Bg7 {[%emt 0:00:30] [#]} 18. Bb2 $146 ({Predecessor:} 18. d5 Qb8 19. Bb3 Nf8 20. Ra2 c6 21. dxc6 Bxc6 22. Rd2 Rd8 23. Rd3 {1-0 (37) Caruana,F (2801)-Roiz,M (2579) Bilbao 2014}) 18... d5 19. dxe5 Nxe4 20. Nxe4 dxe4 21. Bxe4 Bxe4 22. Rxe4 Nxe5 23. Nxe5 Qxd1+ 24. Rxd1 Rxe5 25. Rxe5 Bxe5 26. Rd3 Bd6 27. Bc1 f6 28. Kf1 Kf7 29. Ke2 Rd8 30. Be3 Be7 31. Rxd8 $11 1/2-1/2

[Event "33rd ECCC Open 2017"]
[Site "Antalya"]
[Date "2017.10.11"]
[Round "4"]
[White "Van de Griendt, Jan Willem"]
[Black "Johannesson, Oliver"]
[Result "1/2-1/2"]
[ECO "E09"]
[WhiteElo "2354"]
[BlackElo "2273"]
[Annotator "NA"]
[PlyCount "73"]
[EventType "team-tourn"]
[EventCountry "TUR"]
[SourceTitle "playchess.com"]
[Source "ChessBase"]
[SourceQuality "1"]
[WhiteTeam "White Rose"]
[BlackTeam "Fjolnir"]
[TimeControl "40/5400+30:1800+30"]

1. d4 Nf6 2. c4 e6 3. Nf3 d5 4. g3 Be7 5. Bg2 O-O 6. O-O c6 7. Qc2 Nbd7 8. Nbd2 b6 9. e4 dxc4 10. Nxc4 Bb7 11. Rd1 c5 12. e5 {[%emt 0:15:30] E09: Closed Catalan: Main Line: 7 Qc2 c6 8 Nbd2} Nd5 13. b3 $146 ({Predecessor:} 13. dxc5 Nxc5 14. Rd4 b5 15. Ne3 Nd7 16. Qe2 Qb6 17. Rg4 f5 18. exf6 N7xf6 19. Nxd5 Bxd5 20. Be3 Qb7 21. Rd4 Rae8 22. Ne1 {½-½ (22) Zeng,C (2522)-Xu,Y (2454) Zhongshan 2015}) 13... Rc8 14. Qb2 b5 15. Ne3 Qb6 16. dxc5 Bxc5 17. Nxd5 Bxd5 18. b4 Be7 19. Ne1 $15 Bc6 20. Be3 Qb7 21. Bxc6 Rxc6 22. Rac1 Rxc1 23. Rxc1 Qd5 24. Bd4 Rd8 25. Rc7 Bf8 26. Nc2 Qe4 27. Ne3 Nb8 28. Bc3 Nc6 29. Qc2 Qf3 30. a3 g6 31. Bb2 Ne7 32. Rc3 a6 33. Nf1 Qd5 34. Ne3 Qf3 35. Nf1 Qd5 36. Ne3 Qf3 37. Nf1 1/2-1/2

[Event "33rd ECCC Open 2017"]
[Site "Antalya"]
[Date "2017.10.11"]
[Round "4"]
[White "Makolli, Perparim"]
[Black "Longson, Alexander"]
[Result "1-0"]
[ECO "C90"]
[WhiteElo "2333"]
[BlackElo "2317"]
[Annotator "NA"]
[PlyCount "73"]
[EventType "team-tourn"]
[EventCountry "TUR"]
[SourceTitle "playchess.com"]
[Source "ChessBase"]
[SourceQuality "1"]
[WhiteTeam "Hasan Pristina"]
[BlackTeam "3CS Oldham"]
[TimeControl "40/5400+30:1800+30"]

1. e4 e5 2. Nf3 Nc6 3. Bc4 Nf6 4. d3 Be7 5. O-O O-O 6. c3 d6 7. Re1 Na5 8. Bb5 a6 9. Ba4 b5 10. Bc2 c5 11. Nbd2 Nc6 12. Nf1 Re8 13. d4 {[%emt 0:02:30] C90: Closed Ruy Lopez with 7...d6: Early deviations} cxd4 14. cxd4 Bg4 15. dxe5 {[%emt 0:01:30] [#]} dxe5 $146 ({Predecessor:} 15... Nxe5 16. Ne3 Bh5 17. h3 Rc8 {0-1 (24) Samhouri,A (2372)-Polgar,J (2682) Khanty-Mansiysk 2010}) 16. Be3 Qc7 17. Qb1 {[%emt 0:19:30] [#]} (17. h3 $11 {remains equal.} Red8 18. Qe2 Bxf3 19. Qxf3) 17... Bxf3 $1 18. gxf3 Nh5 19. Bb3 Nd4 20. Bxd4 exd4 21. Ng3 $17 Nf4 22. e5 d3 23. Re4 Nh3+ 24. Kg2 Ng5 25. Rd4 Bc5 26. Rg4 Qxe5 27. f4 Qd4 28. Rxg5 Qxf2+ 29. Kh3 Rad8 30. Qf1 Qxb2 31. Rxc5 d2 32. Rd1 Qd4 33. Rf5 Kh8 34. Qf3 Re3 35. Qg4 a5 36. Rxf7 a4 37. Rxd2 1-0

[Event "33rd ECCC Open 2017"]
[Site "Antalya"]
[Date "2017.10.11"]
[Round "4"]
[White "Kvisvik, Brede"]
[Black "Salihu, Sami"]
[Result "1-0"]
[ECO "A30"]
[WhiteElo "2296"]
[BlackElo "2187"]
[Annotator "NA"]
[PlyCount "147"]
[EventType "team-tourn"]
[EventCountry "TUR"]
[SourceTitle "playchess.com"]
[Source "ChessBase"]
[SourceQuality "1"]
[WhiteTeam "Valerenga"]
[BlackTeam "Dardania"]
[TimeControl "40/5400+30:1800+30"]

1. Nf3 Nf6 2. d4 e6 3. g3 b6 4. Bg2 Bb7 5. O-O c5 6. c4 cxd4 7. Qxd4 Nc6 {[%emt 0:00:00] A30: Symmetrical English: Double Fianchetto and Hedgehog} 8. Qe3 $146 ({Predecessor:} 8. Qf4 Ne7 9. b3 Ng6 10. Qd2 Be7 11. Bb2 O-O 12. Nc3 Qb8 13. Rfd1 Rd8 14. Qc2 d5 15. cxd5 Nxd5 16. Nxd5 Rxd5 17. Rxd5 Bxd5 {½-½ (29) Radjabov,T (2733)-Bruzon Batista,L (2698) Tromsoe 2013}) 8... Bc5 9. Qg5 O-O 10. Nc3 Nd4 11. Nxd4 Bxg2 12. Nxe6 fxe6 13. Kxg2 h6 14. Qg6 Kh8 15. Bf4 Bd4 16. Bd6 Rg8 17. Nb5 Ne8 18. Ba3 Be5 19. Rad1 a6 20. Nd4 Qc7 21. Nf3 Bf6 22. e4 d6 23. b3 Ra7 24. Rd3 b5 25. Rc1 bxc4 26. Rxc4 Qa5 27. Bxd6 Nxd6 28. Rxd6 Qxa2 (28... Rf8 $142 29. Rxe6 Raf7) 29. e5 Be7 30. Rxe6 Rf8 31. Qc2 Qxc2 32. Rxc2 Rb8 33. Nd4 Rd7 34. Nc6 Rc8 35. Ra2 Bc5 36. b4 $18 Bf8 37. Rxa6 Rb7 38. b5 Bc5 39. b6 Rf8 40. f4 Rxb6 41. Rxb6 Bxb6 42. Ne7 Rb8 43. f5 Bc5 44. Kh3 Bxe7 45. Rxe7 Rb2 46. Re8+ Kh7 47. e6 Re2 48. g4 Re3+ 49. Kg2 Re5 50. e7 Re4 51. Kf3 Re5 52. h4 h5 53. Kf4 Re1 54. gxh5 Re2 55. h6 Re1 56. hxg7 Kxg7 57. Ra8 Rxe7 58. Kg5 Re1 59. Ra7+ Kg8 60. Kf6 Rh1 61. Ra8+ Kh7 62. Ra4 Kg8 63. Rg4+ Kh7 64. Kf7 Ra1 65. Re4 Ra7+ 66. Re7 Ra4 67. Kf8+ Kh6 68. Re6+ Kh7 69. f6 Rxh4 70. f7 Ra4 71. Ke7 Ra7+ 72. Kf6 Ra8 73. Re8 Ra6+ 74. Ke5 1-0

[Event "33rd ECCC Open 2017"]
[Site "Antalya"]
[Date "2017.10.11"]
[Round "4"]
[White "Bjornsson, Sigurbjorn"]
[Black "Gantner, Matthias"]
[Result "1/2-1/2"]
[ECO "B80"]
[WhiteElo "2277"]
[BlackElo "2324"]
[Annotator "NA"]
[PlyCount "80"]
[EventType "team-tourn"]
[EventCountry "TUR"]
[SourceTitle "playchess.com"]
[Source "ChessBase"]
[SourceQuality "1"]
[WhiteTeam "Fjolnir"]
[BlackTeam "White Rose"]
[TimeControl "40/5400+30:1800+30"]

1. e4 c5 2. Nf3 d6 3. d4 cxd4 4. Nxd4 Nf6 5. Nc3 a6 6. Be3 {[%emt 0:00:00] LiveBook: 18320 Games} e6 7. f3 b5 8. Qd2 b4 {[%emt 0:01:00] B80: Sicilian Scheveningen: 6 g3 and 6 Be3, including English Attack} (8... Nbd7 9. g4 h6 10. a3 Bb7 11. O-O-O Rc8 12. Kb1 d5 13. exd5 Nxd5 14. Nxd5 Bxd5 15. Be2 Bc5 16. Rhg1 O-O 17. h4 Ne5 18. f4 Nc4 19. Bxc4 bxc4 {0-1 (45) Ponomariov,R (2712)-Wojtaszek,R (2730) Khanty-Mansiysk 2017}) 9. Nce2 e5 10. Nb3 Nc6 11. g4 h6 12. c4 Be6 13. Ng3 {[%emt 0:01:30] [#]} Qc7 $146 ({Predecessor:} 13... g6 14. h4 h5 15. g5 Nd7 16. Be2 a5 {1-0 (67) Lutz,C (2588)-Ftacnik,L (2553) Germany 2008}) 14. Be2 Nd7 15. Rd1 Rd8 16. O-O Nc5 17. h4 $11 Be7 18. h5 O-O 19. Kh1 Kh7 20. Nf5 Bxf5 21. gxf5 Bh4 22. Rg1 f6 23. Rg4 Bg5 24. Rdg1 Nxb3 25. axb3 Nd4 26. Bd1 Bxe3 27. Qxe3 Rf7 28. Qe1 a5 29. Qg3 Rh8 30. Rg6 Kg8 31. Qh4 Qe7 32. Qe1 Qc7 33. Qe3 Kf8 34. Be2 Qc5 35. Bd1 Rh7 36. Qe1 Nc6 37. R1g2 Nd4 38. Qg1 Nc6 39. Qe1 Nd4 40. Qg1 Nc6 1/2-1/2

[Event "33rd ECCC Open 2017"]
[Site "Antalya"]
[Date "2017.10.11"]
[Round "4"]
[White "Fejzullahu, Afrim"]
[Black "Quillan, Gary"]
[Result "0-1"]
[ECO "C19"]
[WhiteElo "2272"]
[BlackElo "2347"]
[Annotator "NA"]
[PlyCount "72"]
[EventType "team-tourn"]
[EventCountry "TUR"]
[SourceTitle "playchess.com"]
[Source "ChessBase"]
[SourceQuality "1"]
[WhiteTeam "Hasan Pristina"]
[BlackTeam "3CS Oldham"]
[TimeControl "40/5400+30:1800+30"]

1. e4 e6 2. d4 d5 3. Nc3 Bb4 4. e5 c5 5. a3 Bxc3+ 6. bxc3 Ne7 7. Nf3 b6 8. a4 Ba6 9. Bb5+ Bxb5 10. axb5 Nd7 11. O-O O-O 12. Re1 h6 13. Ra4 a5 14. c4 Rc8 15. Bd2 $15 (15. cxd5 $11 Nxd5 16. Qd2) 15... cxd4 16. cxd5 Nc5 17. Rxd4 exd5 18. Rg4 Nf5 19. Rf4 Qd7 20. Bc1 Ne7 21. Nd4 Ne6 22. Rg4 Nxd4 23. Rxd4 Rfd8 24. Bxh6 Nf5 25. Bg5 Nxd4 26. Bxd8 Nxc2 27. Re2 Rxd8 28. Rxc2 Qxb5 29. e6 fxe6 30. Rc7 d4 31. h4 Qe5 32. Rb7 d3 33. Rxb6 d2 34. Rb1 Qd4 35. g3 a4 36. Ra1 Qxa1 0-1

[Event "33rd ECCC Open 2017"]
[Site "Antalya"]
[Date "2017.10.11"]
[Round "4"]
[White "Marsili, Riccardo"]
[Black "Persson, Mats"]
[Result "1/2-1/2"]
[ECO "A25"]
[WhiteElo "2219"]
[BlackElo "2292"]
[Annotator "NA"]
[PlyCount "101"]
[EventType "team-tourn"]
[EventCountry "TUR"]
[SourceTitle "playchess.com"]
[Source "ChessBase"]
[SourceQuality "1"]
[WhiteTeam "Augusta Perusia"]
[BlackTeam "Oslo"]
[TimeControl "40/5400+30:1800+30"]

1. c4 e5 2. g3 Nc6 3. Bg2 g6 4. Nc3 Bg7 {[%emt 0:00:30] LiveBook: 3474 Games} 5. d3 f5 6. e3 d6 7. Nge2 Nf6 8. O-O O-O 9. Rb1 a5 10. a3 Be6 11. Nd5 Bf7 {[%emt 0:02:30] A25: English Opening vs King's Indian with ...Nc6 but without early d3} (11... g5 12. f4 h6 13. Kh1 Kh8 14. Nec3 gxf4 15. exf4 Nd4 16. Nxf6 Qxf6 17. Bxb7 Rab8 18. Bg2 Qg6 19. Be3 {1-0 (31) Vidit,S (2689)-Amin,B (2662) Doha 2016}) 12. Nec3 Qd7 13. b4 axb4 14. axb4 Nxd5 15. Nxd5 Rfb8 16. b5 Ne7 17. Qc2 $146 ({Predecessor:} 17. Qb3 Nxd5 18. cxd5 b6 19. Bd2 Ra7 20. Ra1 Rba8 21. Rxa7 Rxa7 22. e4 Be8 23. Rb1 Qc8 24. Bh3 Bd7 25. Kg2 Bf6 26. Qc4 {½-½ (26) Vyskocil,N (2398)-Persson,M (2218) Vienna 2013}) 17... Nxd5 18. cxd5 b6 19. Bd2 Ra7 20. e4 Rba8 21. Rfc1 Ra2 22. Qd1 Be8 23. Rc2 Qf7 24. Qc1 R8a7 25. f3 Bf6 26. Bh3 Rxc2 27. Qxc2 Bd7 28. Qc1 Qe8 29. Qb2 Qa8 30. Qc1 Kf7 31. Bc3 Ra2 32. Bb2 Qa7 33. exf5 g5 34. f4 gxf4 35. gxf4 Bxb5 36. Qd1 Qa4 37. Qc1 c5 38. fxe5 dxe5 39. Bc3 Qh4 40. Rb2 Bg5 41. Qf1 Be3+ 42. Kh1 Rxb2 43. Bxb2 Bd4 44. Bxd4 Qxd4 45. Qe2 Qxd5+ 46. Bg2 Qxd3 47. Qh5+ Kf6 48. Qh4+ Kxf5 49. Bh3+ $11 Kg6 50. Qg4+ Kf7 51. Qe6+ 1/2-1/2

[Event "33rd ECCC Open 2017"]
[Site "Antalya"]
[Date "2017.10.11"]
[Round "4"]
[White "Sukovic, Andrej"]
[Black "Naoum, Spyridon"]
[Result "1-0"]
[ECO "B89"]
[WhiteElo "2214"]
[BlackElo "2295"]
[Annotator "NA"]
[PlyCount "73"]
[EventType "team-tourn"]
[EventCountry "TUR"]
[SourceTitle "playchess.com"]
[Source "ChessBase"]
[SourceQuality "1"]
[WhiteTeam "Elektroprivreda"]
[BlackTeam "Chania"]
[TimeControl "40/5400+30:1800+30"]

1. e4 c5 2. Nf3 d6 3. d4 cxd4 4. Nxd4 Nf6 5. Nc3 Nc6 6. Bc4 e6 7. Be3 Be7 8. Bb3 a6 9. Qe2 Qc7 10. O-O-O Na5 11. g4 b5 12. g5 Nxb3+ 13. axb3 Nd7 14. h4 Bb7 {[%emt 0:04:30] LiveBook: 16 Games} (14... b4 $5 15. Na4 Bb7 $15) 15. f3 Nc5 16. h5 b4 17. Na4 Rc8 $14 18. Kb1 Qa5 19. Qg2 Nxa4 20. bxa4 Qxa4 21. Qg4 Rc5 22. Nb3 Rc7 23. g6 Bc8 24. h6 Bf6 25. hxg7 Bxg7 26. gxh7 f6 27. Qg6+ Kf8 28. Bh6 Qd7 29. Rxd6 Qxd6 30. Bxg7+ Rxg7 31. Qxf6+ Ke8 32. Qxg7 Qf8 33. Qc7 Bd7 34. Nc5 Bb5 35. Qc8+ Ke7 36. Qxe6+ Kd8 37. Qb6+ 1-0

[Event "33rd ECCC Open 2017"]
[Site "Antalya"]
[Date "2017.10.11"]
[Round "4"]
[White "Walton, Alan J"]
[Black "Asllani, Ibrahim"]
[Result "1-0"]
[ECO "A45"]
[WhiteElo "2207"]
[BlackElo "2072"]
[Annotator "NA"]
[PlyCount "75"]
[EventType "team-tourn"]
[EventCountry "TUR"]
[SourceTitle "playchess.com"]
[Source "ChessBase"]
[SourceQuality "1"]
[WhiteTeam "3CS Oldham"]
[BlackTeam "Hasan Pristina"]
[TimeControl "40/5400+30:1800+30"]

1. d4 Nf6 2. Bg5 e6 3. e4 Be7 4. e5 Nd5 5. Bd2 c5 {[%emt 0:00:30] A45: Trompowsky Attack} 6. c4 Nc7 7. Qg4 O-O (7... g6 8. dxc5 Nc6 9. Nf3 Bxc5 10. Nc3 d5 11. exd6 Bxd6 12. O-O-O e5 13. Qg3 {1-0 (36) Galego,L (2495)-Ulyanovskyy,V (2290) Pampilhosa da Serra 2012}) 8. Bh6 Ne8 9. Bd3 $146 ({Predecessor:} 9. dxc5) 9... Nc6 10. Nf3 f5 $2 (10... Nb4 $19 {is more deadly.} 11. Ke2 d6) 11. exf6 Rxf6 12. Bd2 Rf7 13. Ne5 Nxe5 14. dxe5 d6 15. Qh3 g6 16. Nc3 dxe5 17. O-O-O Bg5 ({Don't go for} 17... Rxf2 $2 18. Be3 $18) (17... Ng7 $11) 18. Ne4 Bxd2+ 19. Rxd2 Qe7 20. Qe3 b6 21. h4 $16 Ng7 22. Ng5 Rf5 23. Bxf5 exf5 24. Rhd1 h6 25. Rd8+ Ne8 26. Nf3 e4 27. Ne1 Kh7 28. Qc3 Ng7 29. Nc2 f4 30. g3 g5 31. hxg5 Qxg5 32. gxf4 Qxf4+ 33. Ne3 Qg5 34. Kc2 Bb7 35. Rxa8 Bxa8 36. Rd7 Bc6 37. Rc7 Be8 38. Nf5 1-0

[Event "33rd ECCC Open 2017"]
[Site "Antalya"]
[Date "2017.10.11"]
[Round "4"]
[White "Stanic, Zoran"]
[Black "Yuksel, Mahmut"]
[Result "1-0"]
[ECO "A43"]
[WhiteElo "2169"]
[BlackElo "1701"]
[Annotator "NA"]
[PlyCount "74"]
[EventType "team-tourn"]
[EventCountry "TUR"]
[SourceTitle "playchess.com"]
[Source "ChessBase"]
[SourceQuality "1"]
[WhiteTeam "Bonnevoie"]
[BlackTeam "Genc"]
[TimeControl "40/5400+30:1800+30"]

1. d4 c5 2. dxc5 e6 3. e4 Bxc5 4. Nc3 Qb6 5. Qf3 Nc6 6. Qg3 Nge7 7. a3 d5 8. Bd3 $11 Bd4 9. Nf3 Bxc3+ 10. bxc3 Ng6 11. h4 dxe4 12. Bxe4 f5 13. Bd3 Qc5 14. Bd2 f4 15. Bxg6+ hxg6 16. Qxg6+ Kf8 17. Ng5 Qf5 18. Qxf5+ exf5 19. Bxf4 Ke7 20. O-O-O Rd8 21. Rhe1+ Kf6 22. Rxd8 Nxd8 23. Re8 Bd7 24. Be5+ Kg6 25. Rh8 Nc6 26. Rxa8 Nxe5 27. Rxa7 Bc6 28. g3 Kh5 29. Ra5 Nc4 30. Rxf5 Nxa3 31. Ne6+ Kh6 32. Nd4 Bg2 33. Rc5 Bf1 34. Nf5+ Kg6 35. Ne3 Ba6 36. c4 b6 37. Rc6+ Kh5 1-0

[Event "33rd ECCC Open 2017"]
[Site "Antalya"]
[Date "2017.10.11"]
[Round "4"]
[White "Jackson, Carl"]
[Black "Civi, Anil"]
[Result "1-0"]
[ECO "C13"]
[WhiteElo "2149"]
[BlackElo "1385"]
[Annotator "NA"]
[PlyCount "127"]
[EventType "team-tourn"]
[EventCountry "TUR"]
[SourceTitle "playchess.com"]
[Source "ChessBase"]
[SourceQuality "1"]
[WhiteTeam "Gonzaga"]
[BlackTeam "Hatay"]
[TimeControl "40/5400+30:1800+30"]

1. e4 e6 2. d4 d5 3. Nc3 dxe4 4. Nxe4 Nf6 5. Bg5 Be7 6. Bxf6 Bxf6 7. Nxf6+ Qxf6 8. Nf3 Nd7 9. Qd2 O-O 10. O-O-O a6 11. Be2 b5 12. Qg5 Bb7 13. Qg3 Rac8 14. Rd2 c5 15. Rhd1 c4 16. Ne5 {[#]} Rfd8 $15 (16... Nb6 $1 $17 17. c3 Qe7) 17. c3 Be4 18. Bf3 Bd5 19. Bxd5 exd5 20. Nxd7 Rxd7 21. Qe5 Qb6 22. Re1 h6 23. Rde2 b4 24. Qf5 Rdd8 25. Re7 Qf6 26. Qxf6 gxf6 27. cxb4 c3 28. b3 Kf8 29. Kc2 Rd6 30. R7e3 Rdc6 31. Rh3 f5 32. Ree3 Re8 33. Rxe8+ Kxe8 34. Rxc3 Rg6 35. g3 Ke7 36. Rc5 Kd6 37. b5 axb5 38. Rxb5 Kc6 39. Rc5+ Kd6 40. f4 h5 41. b4 Re6 42. Kd3 Re1 43. Rc2 Rd1+ 44. Kc3 Kc6 45. Rb2 Kb5 46. a3 Rf1 47. a4+ Kxa4 48. b5 Rf3+ 49. Kc2 Rf2+ 50. Kb1 Rxb2+ 51. Kxb2 Kxb5 52. Kb3 Kc6 53. Ka4 Kb6 54. Kb4 Kc6 55. Ka5 Kc7 56. Kb5 Kd6 57. Kb6 Kd7 58. Kc5 Ke6 59. Kc6 f6 60. h3 Ke7 61. Kxd5 Kd7 62. h4 Ke7 63. Kc6 Kd8 64. Kd6 1-0

[Event "33rd ECCC Open 2017"]
[Site "Antalya"]
[Date "2017.10.11"]
[Round "4"]
[White "Jashari, Ardian"]
[Black "Vea, Odin Blikra"]
[Result "0-1"]
[ECO "B77"]
[WhiteElo "2116"]
[BlackElo "2211"]
[Annotator "NA"]
[PlyCount "59"]
[EventType "team-tourn"]
[EventCountry "TUR"]
[SourceTitle "playchess.com"]
[Source "ChessBase"]
[SourceQuality "1"]
[WhiteTeam "Dardania"]
[BlackTeam "Valerenga"]
[TimeControl "40/5400+30:1800+30"]

1. e4 c5 2. Nf3 d6 3. d4 cxd4 4. Nxd4 Nf6 5. Nc3 g6 6. Be3 Bg7 7. Bc4 Nc6 8. Qd2 O-O 9. f3 Bd7 10. O-O Rc8 11. Bb3 Ne5 12. Nd5 Nc4 13. Bxc4 Rxc4 {[%emt 0:00:00] B77: Sicilian Dragon: Yugoslav Attack, 9 Bc4 sidelines} 14. b3 Rc8 15. c4 a6 16. a4 Re8 $146 ({Predecessor:} 16... a5 17. Rad1 Bc6 18. Nxc6 Rxc6 19. Bd4 Nd7 20. Bxg7 Kxg7 21. Qc3+ {½-½ (34) Barglowski,F (2337)-Sondermann,J (2163) Pardubice 2006}) 17. a5 Nxd5 18. exd5 e5 19. dxe6 fxe6 20. Rad1 e5 (20... d5 $11) 21. Ne2 Bc6 22. Bb6 ({Viel schlechter ist} 22. Qxd6 $6 Qxa5 23. Ng3 Rcd8 $11) 22... Qh4 23. Nc3 e4 24. Nxe4 Rxe4 25. fxe4 Be5 26. h3 $18 Qg3 27. Rf3 Qh2+ 28. Kf2 Bxe4 29. Rf1 Bxf3 30. Qc2 0-1

[Event "33rd ECCC Open 2017"]
[Site "Antalya"]
[Date "2017.10.11"]
[Round "4"]
[White "Cirovic, Miroljub"]
[Black "Georgakopoulos, Nikolaos K"]
[Result "1-0"]
[ECO "A42"]
[WhiteElo "2095"]
[BlackElo "2086"]
[Annotator "NA"]
[PlyCount "87"]
[EventType "team-tourn"]
[EventCountry "TUR"]
[SourceTitle "playchess.com"]
[Source "ChessBase"]
[SourceQuality "1"]
[WhiteTeam "Elektroprivreda"]
[BlackTeam "Chania"]
[TimeControl "40/5400+30:1800+30"]

1. d4 g6 2. c4 Bg7 3. Nc3 d6 4. e4 c6 5. Nf3 a6 6. Be2 b5 7. a3 Nd7 8. Be3 Ngf6 9. Nd2 e5 10. d5 cxd5 11. cxd5 O-O 12. O-O Ne8 13. b4 f5 14. f3 f4 (14... fxe4 $16 {is a better defense.} 15. Ndxe4 Ndf6) 15. Bf2 g5 (15... Nb6 $16 {might work better.}) 16. a4 bxa4 17. Nxa4 Rb8 18. Nc5 $14 (18. Nc4 $18) 18... Nc7 19. Nxa6 Bxa6 20. Bxa6 Rxb4 21. Be2 Nb5 22. Bxb5 Rxb5 23. Qa4 Qb8 24. Rab1 Rxb1 25. Rxb1 Qc7 26. Qc6 Qa5 27. Nc4 Qa2 28. Rc1 Nf6 29. Nxd6 g4 30. Nf5 gxf3 31. gxf3 Kh8 32. Qc4 Qa3 33. Qc3 Qxc3 34. Rxc3 Nxd5 35. Rc5 Nb4 36. Bh4 Rg8 37. Kf1 Nd3 38. Rc7 Rb8 39. Rxg7 Rb1+ 40. Kg2 h5 41. Rd7 Rb2+ 42. Kh3 Rb3 43. Nh6 Nf2+ 44. Kg2 1-0

[Event "33rd ECCC Open 2017"]
[Site "Antalya"]
[Date "2017.10.11"]
[Round "4"]
[White "Kocak, Can"]
[Black "Hove, Esben Kjems"]
[Result "0-1"]
[ECO "B12"]
[WhiteElo "2039"]
[BlackElo "2337"]
[Annotator "NA"]
[PlyCount "124"]
[EventType "team-tourn"]
[EventCountry "TUR"]
[SourceTitle "playchess.com"]
[Source "ChessBase"]
[SourceQuality "1"]
[WhiteTeam "Karaman"]
[BlackTeam "Nordkalotten"]
[TimeControl "40/5400+30:1800+30"]

1. e4 c6 2. d4 d5 3. e5 Bf5 4. Nf3 e6 {[%emt 0:00:00] LiveBook: 5525 Games} 5. Be2 Nd7 6. O-O Ne7 7. c3 c5 8. dxc5 Nxc5 {[%emt 0:00:30] B12: Caro-Kann: Advance Variation} 9. Nd4 Bg6 10. Nd2 Nc6 11. f4 $146 ({Predecessor:} 11. Nxc6 bxc6 12. b4 Nd3 13. Nf3 Nxc1 14. Rxc1 {1-0 (63) Karjakin,S (2773)-Anand,V (2783) Saint Louis 2017}) 11... Be7 12. g4 Bd3 13. b4 Bxe2 14. Qxe2 Na4 15. Nxc6 Qb6+ 16. Nd4 Nxc3 17. Qf2 Qxd4 $1 18. Qxd4 Ne2+ 19. Kf2 Nxd4 20. a3 a6 21. Bb2 Nc6 22. Nb3 Bd8 23. Kg3 h5 24. h3 Bb6 25. Rac1 hxg4 26. hxg4 g5 27. fxg5 Be3 28. Rh1 Ke7 29. Rce1 Bxg5 30. Nc5 b5 31. Kf3 d4 32. Rxh8 Rxh8 33. Nxa6 Rh3+ 34. Kg2 Rb3 35. Rb1 Bf4 36. Nc5 Rg3+ 37. Kf2 Nxe5 38. Bxd4 Nxg4+ 39. Ke2 Rxa3 40. Rg1 Ne5 41. Ne4 Ra2+ 42. Kd1 Ng6 43. Ke1 e5 44. Bc5+ Ke6 45. Kf1 Nh4 (45... Ra1+ $142 46. Ke2 Rxg1 47. Bxg1 Kd5 48. Nf6+ Kc6) 46. Nc3 Rb2 47. Nxb5 Nf3 48. Rg8 Nd2+ 49. Kg1 Ne4 50. Nc7+ Kf5 51. Nd5 Ng5 52. Nc3 e4 53. Re8 (53. Nd5 $142) 53... Be5 54. Nb5 Ne6 55. Nd6+ Bxd6 $1 56. Bxd6 e3 57. Kf1 Ke4 58. Rh8 Nd4 59. Rh4+ Kd3 60. Rh3 Rf2+ 61. Kg1 Nf3+ 62. Kh1 e2 0-1

[Event "33rd ECCC Open 2017"]
[Site "Antalya"]
[Date "2017.10.11"]
[Round "4"]
[White "Patrelakis, Evaggelos"]
[Black "Aleksic, Nenad C"]
[Result "1/2-1/2"]
[ECO "B96"]
[WhiteElo "1998"]
[BlackElo "2261"]
[Annotator "NA"]
[PlyCount "115"]
[EventType "team-tourn"]
[EventCountry "TUR"]
[SourceTitle "playchess.com"]
[Source "ChessBase"]
[SourceQuality "1"]
[WhiteTeam "Chania"]
[BlackTeam "Elektroprivreda"]
[TimeControl "40/5400+30:1800+30"]

1. e4 c5 2. Nf3 d6 3. d4 cxd4 4. Nxd4 Nf6 5. Nc3 a6 6. Bg5 e6 7. f4 h6 8. Bh4 Qb6 9. a3 Nc6 {[%emt 0:00:30] B96: Sicilian Najdorf: 6 Bg5 e6 7 f4, lines other than 7...Qb6 and 7...Be7} (9... Be7 10. Qd3 Nbd7 11. O-O-O g5 12. fxg5 Ne5 13. Qd2 Nh7 14. Nf3 hxg5 15. Bf2 Qc7 16. Be2 Bd7 17. h4 {½-½ (30) Caruana,F (2807)-Vachier Lagrave,M (2791) Saint Louis 2017}) 10. Bf2 Qc7 11. Qf3 Bd7 12. Be2 h5 $146 ({Predecessor:} 12... Be7 13. Rd1 O-O 14. O-O Nxd4 15. Bxd4 Bc6 16. Qg3 Rac8 17. Bf3 {½-½ (38) Llorente Alvarez,J (2128)-Orsolic,M (2118) LSS email 2010}) 13. h3 Nxd4 14. Bxd4 Bc6 15. O-O-O h4 16. Rhe1 Be7 17. Qe3 b5 18. Bf3 O-O 19. Kb1 a5 20. e5 dxe5 21. fxe5 Nd7 22. Bxc6 Qxc6 23. Ne4 b4 $14 24. Nf6+ Bxf6 25. exf6 Rfc8 26. Re2 e5 27. Bxe5 Nxf6 28. Rd6 Qc5 29. Qxc5 Rxc5 30. Bxf6 gxf6 31. a4 Kg7 32. Rf2 f5 33. Rd4 Rh8 34. Rff4 Re8 35. Rc4 Rxc4 36. Rxc4 Re2 37. Rc5 Kf6 38. Rxa5 Rxg2 39. Kc1 f4 40. Kd1 f3 41. Ke1 Rxc2 42. Rb5 Rxb2 43. a5 b3 44. a6 Rb1+ 45. Kf2 b2 46. a7 Ra1 47. Kxf3 Rxa7 48. Rxb2 Ra4 49. Rb5 Kg6 50. Rc5 f5 51. Rc8 Ra3+ 52. Kf4 Rxh3 53. Rc6+ Kh5 54. Rc5 Rh1 55. Rxf5+ Kg6 56. Rg5+ Kh6 57. Ra5 Rg1 58. Ra6+ 1/2-1/2